 Dungeon Crawl Stone Soup version 0.28-a0-1199-gef9e1dbd39 (webtiles) character file.

Game seed: 8476288455592560090

145399 bearlyready the Fencer (level 16, -7/149 HPs)
             Began as a Minotaur Delver on Dec 20, 2021.
             Was the Champion of Okawaru.
             Killed from afar by a frost giant (41 damage)
             ... with a bolt of cold
             ... on level 3 of the Shoals.
             The game lasted 01:18:14 (39164 turns).

bearlyready the Fencer (Minotaur Delver)           Turns: 39164, Time: 01:18:14

Health: -7/149     AC: 30    Str: 29    XL:     16   Next: 87%
Magic:  22/22      EV: 12    Int:  7    God:    Okawaru [******]
Gold:   1969       SH:  0    Dex: 14    Spells: 7/15 levels left

rFire   . . .      SeeInvis .   a - +2 double sword (vorpal)
rCold   . . .      Faith    +   (no shield)
rNeg    . . .      Spirit   .   G - +0 crystal plate armour
rPois   .          Reflect  .   T - +2 hat
rElec   .          Harm     .   Y - scarf {repulsion}
rCorr   .          Rampage  .   i - +0 pair of gloves
Will    +....                   k - +2 pair of boots
Stlth   ..........              Z - amulet of faith
HPRegen 0.34/turn               s - +6 ring of strength
MPRegen 0.18/turn               W - +4 ring of slaying

@: studying 2 skills, repel missiles
A: horns 2, retaliatory headbutt
a: Renounce Religion, Heroism, Finesse, Duel


You were on level 3 of the Shoals.
You worshipped Okawaru.
Okawaru was exalted by your worship.
You visited 4 branches of the dungeon, and saw 25 of its levels.
You also visited: Trove and Ossuary.

You collected 1969 gold pieces.

Inventory:

Hand Weapons
 a - a +2 vorpal double sword (weapon)
 b - the +8 hand crossbow of Kothrev {speed, rN+ Str+4}
   (You found it on level 8 of the Dungeon)

   Attacks with this weapon are significantly faster.
   Str:       It affects your strength (+4).
   rN:        It protects you from negative energy.
 K - a +0 triple crossbow of freezing
 R - the +11 plutonium sword {Contam Stlth-}
   (Okawaru gifted it to you on level 6 of the Lair of Beasts)

   It occasionally inflicts wild transmutation effects on those it strikes,
   inflicting malmutation or extra damage, or polymorphing them into a new form.
   Contam:    It causes magical contamination when unequipped.
   Stlth:     It makes you less stealthy.
Missiles
 o - 11 javelins (quivered)
 A - 187 bolts
 J - 3 throwing nets
Armour
 i - a +0 pair of gloves (worn)
 k - a +2 pair of boots (worn)
 r - a +2 kite shield of resistance
 G - a +0 crystal plate armour (worn)
 T - a +2 hat (worn)
 Y - a scarf of repulsion (worn)
Jewellery
 n - a ring of flight
 p - an amulet of guardian spirit
 s - a +6 ring of strength (left hand)
 I - a ring of resist corrosion
 W - a +4 ring of slaying (right hand)
 Z - an amulet of faith (around neck)
Wands
 c - a wand of mindburst (8)
 g - a wand of digging (1)
 m - a wand of acid (29)
 q - a wand of polymorph (7)
 u - a wand of iceblast (20)
 C - a wand of flame (72)
Scrolls
 l - 5 scrolls of teleportation
 v - 8 scrolls of enchant weapon
 x - 3 scrolls of enchant armour
 y - 6 scrolls of immolation
 E - 3 scrolls of vulnerability
 L - 3 scrolls of brand weapon
 M - a scroll of holy word
 N - 10 scrolls of magic mapping
 P - 4 scrolls of blinking
 S - 4 scrolls of amnesia
Potions
 d - 3 potions of lignification
 e - a potion of berserk rage
 f - 4 potions of haste
 h - 7 potions of mutation
 j - 11 potions of attraction
 t - 4 potions of invisibility
 w - 5 potions of curing
 B - a potion of resistance
 D - 4 potions of flight
 F - 5 potions of brilliance
 H - 5 potions of might
 O - 2 potions of cancellation
 Q - 4 potions of heal wounds
Miscellaneous
 U - a tin of tremorstones (inert)
 V - a condenser vane


   Skills:
 + Level 15.3 Fighting
 + Level 18.4 Long Blades
 + Level 12.6 Crossbows
 - Level 14.0 Armour
 - Level 16.0 Dodging
 - Level 4.1 Stealth
 - Level 1.0 Shields
 + Level 10.3 Invocations
 + Level 10.5 Evocations


You had 7 spell levels left.
You knew the following spells:

 Your Spells              Type           Power      Damage    Failure   Level
a - Wereblood             Tmut           0%         N/A       100%        2
b - Statue Form           Tmut/Erth      0%         N/A       100%        6

Your spell library contained the following spells:

 Spells                   Type           Power      Damage    Failure   Level
 Freeze                   Ice            0%         1d3       100%        1
 Magic Dart               Conj           0%         1d3       100%        1
 Pain                     Necr           0%         1d4       100%        1
 Sandblast                Erth           0%         2d4       100%        1
 Slow                     Hex            0%         N/A       100%        1
 Sting                    Tmut/Pois      0%         1d3       100%        1
 Ensorcelled Hibernation  Hex/Ice        0%         N/A       100%        2
 Passwall                 Tmut/Erth      0%         N/A       100%        2
 Poisonous Vapours        Pois/Air       0%         N/A       100%        2
 Sublimation of Blood     Necr           0%         N/A       100%        2
 Confusing Touch          Hex            0%         N/A       100%        3
 Conjure Flame            Conj/Fire      0%         6-21      100%        3
 Dazzling Flash           Conj/Hex       0%         N/A       100%        3
 Frozen Ramparts          Ice            0%         1d2       100%        3
 Ignite Poison            Fire/Tmut/Pois 0%         N/A       100%        3
 Mephitic Cloud           Conj/Pois/Air  0%         N/A       100%        3
 Ozocubu's Armour         Ice            0%         N/A       100%        3
 Portal Projectile        Hex/Tloc       0%         N/A       100%        3
 Stone Arrow              Conj/Erth      0%         3d7       100%        3
 Swiftness                Air            0%         N/A       100%        3
 Teleport Other           Tloc           0%         N/A       100%        3
 Vampiric Draining        Necr           0%         2d6       100%        3
 Airstrike                Air            0%         N/A       100%        4
 Hailstorm                Conj/Ice       0%         3d3       100%        4
 Iskenderun's Mystic Bla  Conj/Tloc      0%         2d3       100%        4
 Leda's Liquefaction      Hex/Erth       0%         N/A       100%        4
 Olgreb's Toxic Radiance  Pois           0%         N/A       100%        4
 Sticky Flame             Conj/Fire      0%         2d3       100%        4
 Agony                    Necr           0%         N/A       100%        5
 Blade Hands              Tmut           0%         N/A       100%        5
 Borgnjor's Vile Clutch   Necr/Erth      0%         N/A       100%        5
 Freezing Cloud           Conj/Ice/Air   0%         6-21      100%        5
 Lee's Rapid Deconstruct  Erth           0%         3d5*      100%        5
 Silence                  Hex/Air        0%         N/A       100%        5
 Yara's Violent Unravell  Hex/Tmut       0%         3d3       100%        5
 Conjure Ball Lightning   Conj/Air       0%         3x3d6     100%        6
 Dispersal                Tloc           0%         N/A       100%        6
 Iron Shot                Conj/Erth      0%         9d1       100%        6
 Starburst                Conj/Fire      0%         6d3       100%        6
 Ozocubu's Refrigeration  Ice            0%         4d5       100%        7
 Disjunction              Tloc           0%         N/A       100%        8
 Polar Vortex             Ice            0%         N/A       100%        9
 Animate Skeleton         Necr           Unusable   N/A       N/A         1
 Call Imp                 Summ           Unusable   N/A       N/A         2
 Call Canine Familiar     Summ           Unusable   N/A       N/A         3
 Tukima's Dance           Hex            Unusable   N/A       N/A         3
 Animate Armour           Summ/Erth      Unusable   N/A       N/A         4
 Simulacrum               Ice/Necr       Unusable   N/A       N/A         6
 Summon Hydra             Summ           Unusable   N/A       N/A         7
 Dragon's Call            Summ           Unusable   N/A       N/A         9

Dungeon Overview and Level Annotations

Branches:
Dungeon (15/15)            Temple (1/1) D:5            Lair (6/6) D:9
 Shoals (3/4) Lair:3       Spider (0/4) Lair:3        Slime (0/5) Lair:6
    Orc (0/2) D:12         Vaults (0/5) D:13         Depths (0/4) D:15
Ossuary (visited)

Altars:
Ashenzari
Cheibriados
Dithmenos
Elyvilon
Fedhas
Gozag
Hepliaklqana
Kikubaaqudgha
Makhleb
Nemelex Xobeh
Okawaru
Qazlal
Ru
Sif Muna
Trog
Uskayaw
Vehumet
Wu Jian
Xom
Yredelemnul
Zin
The Shining One
Jiyva

Shops:
D:5 *   D:12 (   Shoals:2 :


Innate Abilities, Weirdness & Mutations

You have a pair of horns on your head.
You reflexively headbutt those who attack you in melee.


Message History

The frost giant hits you but does no damage.
You slice the frost giant!!
The frost giant is heavily wounded.
You hit the frost giant but do no damage.
The frost giant is heavily wounded.
The frost giant hits you with a +0 battleaxe of freezing!
The frost giant freezes you.
You hit the frost giant but do no damage.
You headbutt the frost giant, but do no damage.
The frost giant is heavily wounded.
The frost giant points at you and mumbles some strange words.
The bolt of cold hits you!!
You slash the frost giant!
You headbutt the frost giant, but do no damage.
The frost giant is heavily wounded.
You completely miss the frost giant.
You headbutt the frost giant, but do no damage.
The frost giant is heavily wounded.
The frost giant hits you but does no damage.
You slice the frost giant!!
The frost giant is almost dead.
The frost giant casts a spell at you. The bolt of cold hits you!!
You hit the frost giant but do no damage.
The frost giant is almost dead.
The frost giant gestures at you while chanting.
The bolt of cold hits you!!!
* * * LOW HITPOINT WARNING * * *
You hit the frost giant. You headbutt the frost giant.
The frost giant is almost dead.
Okay, then.
You feel much better.
The frost giant points at you and mumbles some strange words.
The bolt of cold hits you!!
* * * LOW HITPOINT WARNING * * *
Okay, then.
You feel much better. The frost giant casts a spell at you.
The bolt of cold hits you!!!
You die...

≈≈≈≈.....#....≈≈≈≈≈≈≈≈≈≈≈≈
≈≈≈≈...####....≈≈≈≈≈≈≈≈≈≈≈
≈≈≈≈....###.....≈≈≈≈≈≈≈≈≈≈
≈≈≈≈............≈≈≈≈≈≈≈≈≈≈
≈≈≈≈.....(.......≈≈≈≈≈≈≈≈≈
≈≈≈≈≈..............≈≈≈≈≈≈≈
................≈≈≈≈≈
............C)...≈≈≈≈
....≈≈...(.@.....P.(.
≈≈..≈≈≈.........###.(
≈≈..≈≈≈......###.# .
≈≈≈.≈≈≈≈...(## .#
≈≈≈≈≈≈≈○≈≈≈.# .P
≈≈≈≈≈≈(≈≈≈)#≈.....#
≈≈≈≈≈≈≈≈≈≈P.#....P#
≈≈≈≈≈≈≈≈≈≈≈#.#....#
≈≈≈≈≈≈≈≈≈.≈..##.###


You could see a frost giant.

Vanquished Creatures
  Frances (Shoals:1)
  A sphinx (D:13)
  Roxanne (Shoals:2)
  The ghost of mandarbmax the Destroyer, a journeyman DrCj of Vehumet (Lair:5)
  Snorg (D:10)
  A fire dragon (Lair:6)
  A merfolk javelineer (Shoals:3)
  A great orb of eyes (D:13)
  A merfolk impaler (Shoals:3)
  A great orb of eyes (shapeshifter) (D:13)
  19 hydras
  A catoblepas (Lair:3)
  8 boulder beetles
  4 vault guards (D:13)
  2 ogre magi
  An alligator snapping turtle (Shoals:2)
  A merfolk aquamancer (Shoals:2)
  11 two-headed ogres
  The ghost of enile the Cleaver, a novice HOMo (D:7)
  8 centaur warriors
  24 death yaks
  4 tengu warriors
  Urug (D:10)
  A vampire mage (D:15)
  11 skeletal warriors
  A sea snake (Shoals:2)
  3 lindwurms
  2 deep elf archers (D:13)
  A phantasmal warrior (D:11)
  8 deep elf pyromancers
  A necromancer (D:15)
  An orc knight (D:12)
  12 ugly things
  A tengu skeleton (D:15)
  14 cyclopes
  An orc sorcerer (D:13)
  2 oklob plants
  A frost giant zombie (D:15)
  5 manticores
  8 elephants
  A fire giant zombie (D:15)
  A faun (Shoals:2)
  2 water nymphs (Shoals:2)
  3 merfolk sirens
  A gargoyle (D:13)
  A guardian serpent (D:11)
  7 black mambas
  2 molten gargoyles (Lair:6)
  16 cane toads
  A freezing wraith (D:14)
  2 torpor snails
  2 efreet
  4 kobold demonologists
  15 komodo dragons
  7 jumping spiders (Lair:3)
  A guardian mummy (D:15)
  4 polar bears
  4 trolls
  A hornet (D:9)
  12 merfolk
  2 wind drakes
  37 blink frogs
  17 slime creatures
  Grinder (D:5)
  A blink frog (shapeshifter) (D:13)
  An ettin zombie (D:15)
  2 snapping turtles (Shoals:1)
  14 dream sheep
  3 redbacks (Lair:3)
  3 shadows
  A centaur simulacrum (D:15)
  2 vampires
  2 water elementals (Shoals:2)
  4 wraiths
  41 yaks
  8 wyverns
  8 basilisks
  9 vampire mosquitoes
  2 steam dragons
  Menkaure (D:7)
  2 acid dragons
  14 water moccasins
  A warg (D:13)
  4 hell hounds (Lair:6)
  5 orc warriors
  2 sky beasts
  A necrophage (D:5)
  2 black bears
  A hornet zombie (D:6)
  5 boggarts (D:15)
  2 ogres
  12 centaurs
  2 kobold brigands (D:12)
  17 bullfrogs
  2 gnoll sergeants
  A scorpion (Lair:4)
  A wyvern skeleton (D:6)
  A water moccasin skeleton (D:6)
  6 killer bees
  7 howler monkeys
  4 centaur zombies
  5 lava snakes (Lair:6)
  A human zombie (Ossuary)
  A hound (D:6)
  A wyvern simulacrum (D:9)
  4 orc priests
  A bullfrog skeleton (D:4)
  A centaur skeleton (D:5)
  2 gnoll shamans
  3 iguanas
  9 orc wizards
  A hound zombie (Ossuary)
  4 mummies (Ossuary)
  2 howler monkey zombies (D:8)
  13 gnolls
  4 adders
  A shadow imp (D:6)
  2 white imps
  2 adder zombies (Ossuary)
  5 worms
  3 dart slugs
  31 orcs
  2 bats
  8 endoplasms
  2 giant cockroaches (D:3)
  A gnoll zombie (Ossuary)
  7 goblins
  4 hobgoblins
  5 quokkas
  6 ball pythons
  A frilled lizard (D:1)
  2 goblin zombies
  2 hobgoblin zombies (Ossuary)
  A jackal zombie (Ossuary)
  12 kobolds
  2 kobold zombies (Ossuary)
  24 rats
  A rat zombie (Ossuary)
682 creatures vanquished.

Vanquished Creatures (others)
  A bush (D:12)
  64 fungi
  76 plants
  A withered plant (D:15)
142 creatures vanquished.

Grand Total: 824 creatures vanquished

Notes
Turn   | Place    | Note
-------+----------+-------------------------------------------
     0 | D:5      | bearlyready the Minotaur Delver began the quest for the
                  | Orb.
     0 | D:5      | Reached XP level 1. HP: 19/19 MP: 0/0
   243 | D:3      | Reached skill level 3 in Long Blades
   280 | D:3      | Reached XP level 2. HP: 23/26 MP: 1/1
   659 | D:2      | Reached skill level 4 in Long Blades
   802 | D:2      | Reached XP level 3. HP: 31/31 MP: 2/2
  1836 | D:1      | Reached skill level 5 in Long Blades
  2257 | D:1      | Reached XP level 4. HP: 39/39 MP: 3/3
  3124 | D:3      | Found a white marble altar of Elyvilon.
  3227 | D:4      | Reached skill level 6 in Long Blades
  3380 | D:4      | Reached XP level 5. HP: 45/45 MP: 4/4
  3542 | D:4      | Noticed an ogre
  3546 | D:4      | Killed an ogre
  3547 | D:4      | Reached skill level 7 in Long Blades
  3656 | D:4      | Reached XP level 6. HP: 51/51 MP: 5/5
  4028 | D:5      | Noticed a sky beast
  4044 | D:5      | Killed a sky beast
  4045 | D:5      | Reached skill level 8 in Long Blades
  4183 | D:5      | Noticed Grinder
  4197 | D:5      | Killed Grinder
  4198 | D:5      | Reached skill level 9 in Long Blades
  4198 | D:5      | Reached XP level 7. HP: 53/57 MP: 4/6
  4265 | D:5      | Found a staircase to the Ecumenical Temple.
  4281 | Temple   | Entered the Ecumenical Temple
  4450 | Temple   | Became a worshipper of Warmaster Okawaru
  4523 | D:5      | Found Plog's Fire Supplies.
  4668 | D:5      | Reached skill level 10 in Long Blades
  5392 | D:6      | Found a sand-covered staircase.
  5404 | Ossuary  | Entered an ossuary
  5662 | Ossuary  | Reached skill level 11 in Long Blades
  5759 | D:6      | Reached * piety under Okawaru
  5760 | D:6      | Reached XP level 8. HP: 52/64 MP: 3/7
  6037 | D:6      | Reached skill level 12 in Long Blades
  6571 | D:7      | Noticed Menkaure
  6580 | D:7      | Killed Menkaure
  6580 | D:7      | Reached ** piety under Okawaru
  6581 | D:7      | Reached skill level 13 in Long Blades
  7334 | D:7      | Reached skill level 14 in Long Blades
  7334 | D:7      | Reached XP level 9. HP: 66/70 MP: 8/8
  7351 | D:7      | Reached *** piety under Okawaru
  7640 | D:7      | Reached skill level 1 in Invocations
  7671 | D:7      | Reached skill level 15 in Long Blades
  8011 | D:7      | Found a large runed translucent door.
  8011 | D:7      | Found a large runed translucent door.
  8207 | D:7      | Noticed enile's ghost (novice HOMo)
  8655 | D:8      | Noticed a red ugly thing
  8655 | D:8      | Noticed a deep elf pyromancer
  8806 | D:9      | Noticed a cyclops
  8827 | D:9      | Reached skill level 1 in Armour
  8831 | D:9      | Noticed a red ugly thing
  8838 | D:9      | Killed a cyclops
  8838 | D:9      | Reached **** piety under Okawaru
  8849 | D:9      | Killed a red ugly thing
  8850 | D:9      | Reached XP level 10. HP: 27/80 MP: 3/12
  9379 | D:9      | Reached skill level 5 in Fighting
  9383 | D:9      | Reached ***** piety under Okawaru
  9647 | D:9      | Reached skill level 5 in Invocations
  9657 | D:9      | Received a gift from Okawaru
  9940 | D:9      | Found a staircase to the Lair.
 10037 | D:9      | Reached skill level 5 in Dodging
 10349 | D:9      | Reached skill level 5 in Armour
 10634 | D:9      | Paralysed by a hornet for 1 turns
 10774 | D:10     | Entered Level 10 of the Dungeon
 11119 | D:10     | Noticed a smoke demon
 11183 | D:10     | Noticed a cyclops
 11190 | D:10     | Killed a cyclops
 11258 | D:10     | Noticed Snorg
 11563 | D:10     | Noticed Urug
 11629 | D:10     | Killed Urug
 11630 | D:10     | Reached XP level 11. HP: 28/92 MP: 3/14
 11743 | D:11     | Noticed a four-headed hydra
 11743 | D:11     | Noticed a four-headed hydra
 12160 | D:10     | Killed Snorg
 12574 | D:8      | Found a runed translucent door.
 12575 | D:8      | Found a runed translucent door.
 12575 | D:8      | Noticed a centaur warrior
 12839 | D:8      | Noticed a cyan ugly thing
 12873 | D:8      | Killed a cyan ugly thing
 12880 | D:8      | Killed a red ugly thing
 12886 | D:8      | Killed a deep elf pyromancer
 12950 | D:8      | Identified the +6 mace of Cobwebs {drain, rElec rN+ Int+2
                  | Dex+4}
 12956 | D:8      | Identified the +8 hand crossbow of Kothrev {speed, rN+
                  | Str+4}
 13591 | D:11     | Noticed a two-headed ogre
 13681 | D:11     | Killed a two-headed ogre
 13682 | D:11     | Reached skill level 16 in Long Blades
 13731 | D:11     | Noticed a deep elf pyromancer
 13998 | D:11     | Killed a deep elf pyromancer
 14136 | D:11     | Noticed a four-headed hydra
 14152 | D:11     | Killed a four-headed hydra
 14152 | D:11     | Identified the +0 hat of the Sky {*Corrode Str+6 Stlth+}
                  | (Okawaru gifted it to you on level 11 of the Dungeon)
 14152 | D:11     | Received a gift from Okawaru
 14153 | D:11     | Reached skill level 1 in Crossbows
 14241 | D:11     | Noticed a phantasmal warrior
 14553 | D:11     | Killed a phantasmal warrior
 14800 | D:11     | Found the +3 pair of seven-league boots {Rampage+∞}
 14867 | D:11     | Noticed a skeletal warrior
 15192 | D:11     | Noticed a skeletal warrior
 15193 | D:11     | Noticed a skeletal warrior
 15233 | D:10     | Killed a five-headed hydra
 15234 | D:10     | Reached XP level 12. HP: 24/104 MP: 5/16
 15536 | Lair:1   | Entered Level 1 of the Lair of Beasts
 15552 | Lair:1   | Reached skill level 10 in Dodging
 15743 | Lair:1   | Noticed a seven-headed hydra
 15753 | Lair:1   | Killed a seven-headed hydra
 16013 | Lair:1   | Noticed a six-headed hydra
 16047 | Lair:1   | Noticed a six-headed hydra
 16401 | Lair:1   | Reached skill level 10 in Fighting
 16669 | Lair:1   | Got the Papyrus of Quantum Illusion
 16861 | Lair:2   | Noticed a five-headed hydra
 16954 | Lair:1   | Killed a six-headed hydra
 17304 | Lair:2   | Reached skill level 5 in Crossbows
 17313 | Lair:2   | Killed a five-headed hydra
 17313 | Lair:2   | Received a gift from Okawaru
 17484 | Lair:2   | Killed a six-headed hydra
 17558 | Lair:2   | Received a gift from Okawaru
 18661 | Lair:3   | Noticed a boulder beetle
 18670 | Lair:3   | Killed a boulder beetle
 18725 | Lair:3   | Found a hole to the Spider Nest.
 18757 | Lair:3   | Received a gift from Okawaru
 19007 | Lair:3   | Got the Reference Book on Unholy Rites and Flight
 19008 | Lair:3   | Identified the +11 trident "Zos Haz" {vorpal, Int+6}
 19181 | Lair:3   | Reached XP level 13. HP: 67/116 MP: 18/18
 19714 | Lair:3   | Reached ****** piety under Okawaru
 20027 | Lair:3   | Found a staircase to the Shoals.
 20070 | Lair:3   | Reached skill level 1 in Evocations
 21319 | Lair:4   | You fall into a shaft and drop 1 floor!
 21426 | Lair:5   | Found a runed translucent door.
 21431 | Lair:5   | Noticed mandarbmax's ghost (journeyman DrCj)
 21463 | Lair:5   | Reached skill level 10 in Invocations
 21642 | Lair:3   | Received a gift from Okawaru
 22168 | Lair:4   | Identified a scroll of acquirement
 22168 | Lair:4   | Acquired a +2 vorpal double sword
 22842 | Lair:4   | Reached skill level 10 in Crossbows
 22842 | Lair:4   | Reached skill level 5 in Evocations
 23387 | Lair:4   | Reached XP level 14. HP: 126/126 MP: 20/20
 23712 | Lair:5   | Received a gift from Okawaru
 23852 | Lair:4   | Learned a level 2 spell: Wereblood
 24076 | Lair:4   | Received a gift from Okawaru
 24911 | Lair:6   | Entered Level 6 of the Lair of Beasts
 24926 | Lair:6   | Received a gift from Okawaru
 26039 | Lair:6   | Received a gift from Okawaru
 26233 | Lair:6   | Found a viscous altar of Jiyva.
 26233 | Lair:6   | Found a staircase to the Slime Pits.
 26300 | Lair:6   | Found a large runed translucent door.
 26340 | Lair:6   | Received a gift from Okawaru
 26846 | Lair:6   | Received a gift from Okawaru
 26846 | Lair:6   | Found the +11 plutonium sword {Contam Stlth-}
 26847 | Lair:6   | Reached skill level 10 in Armour
 27683 | Lair:6   | Received a gift from Okawaru
 28456 | Lair:6   | Reached XP level 15. HP: 134/134 MP: 21/21
 28542 | Lair:6   | Found a large runed translucent door.
 29048 | Lair:5   | Killed mandarbmax's ghost
 29371 | D:7      | Killed enile's ghost
 29572 | D:8      | Identified the +2 robe of Serendipity {+Blink Str+4 Int+5
                  | Slay-6} (Okawaru gifted it to you on level 8 of the
                  | Dungeon)
 29572 | D:8      | Received a gift from Okawaru
 29664 | D:8      | Identified the +10 whip of Disgust {vorpal, Fly rPois}
 29676 | D:8      | Identified the +8 dagger "Hossias" {pain, rC- MP-9 Dex+8
                  | SInv}
 30172 | D:12     | Found a portal to a secret trove of treasure.
 30192 | D:12     | You paid a toll of 6 scrolls of fog to enter a treasure
                  | trove
 30193 | Trove    | Entered a treasure trove
 30621 | D:12     | Found a shimmering altar of Xom.
 31417 | D:12     | Identified the +3 buckler of the Maze {rN+} (Okawaru gifted
                  | it to you on level 12 of the Dungeon)
 31417 | D:12     | Received a gift from Okawaru
 31518 | D:12     | Found a staircase to the Orcish Mines.
 31541 | D:13     | Reached skill level 17 in Long Blades
 32001 | D:13     | Noticed a sphinx
 32038 | D:13     | Killed a sphinx
 32515 | D:12     | Found Ture's Weapon Shoppe.
 33310 | D:13     | Reached skill level 15 in Dodging
 33311 | D:13     | Received a gift from Okawaru
 33624 | D:13     | Found a sacrificial altar of Ru.
 33719 | D:13     | Paralysed by something for 6 turns
 33728 | D:13     | Reached XP level 16. HP: 110/146 MP: 22/22
 33985 | D:13     | Paralysed by something for 4 turns
 34093 | D:14     | Reached skill level 10 in Evocations
 34338 | D:14     | Found a shadowy altar of Dithmenos.
 34926 | D:15     | Entered Level 15 of the Dungeon
 35040 | D:15     | Received a gift from Okawaru
 35255 | D:15     | Found a staircase to the Depths.
 35648 | D:15     | Found a hazy altar of Hepliaklqana.
 35697 | D:15     | Reached skill level 18 in Long Blades
 36486 | D:13     | Found a gate to the Vaults.
 36596 | D:13     | Reached skill level 15 in Fighting
 37186 | Shoals:1 | Entered Level 1 of the Shoals
 37202 | Shoals:1 | Received a gift from Okawaru
 37327 | Shoals:1 | Noticed Frances
 37334 | Shoals:1 | Reached skill level 1 in Shields
 37339 | Shoals:1 | Killed Frances
 37371 | Shoals:1 | You fall into a shaft and drop 1 floor!
 37602 | Shoals:2 | Noticed Roxanne
 37616 | Shoals:2 | Killed Roxanne
 37682 | Shoals:2 | Learned a level 6 spell: Statue Form
 37816 | Shoals:2 | Found Oskikur's Self-Improvement Boutique.
 39164 | Shoals:3 | Killed from afar by a frost giant

Illustrated notes

Levels and vault maps discovered:
D:1:      elethiomel_arrival_shortcut, layout_loops_ring
D:2:      layout_loops_corners, minmay_quantized
D:3:      layout_loops_ring, elyvilon_altar_3, st_stairs_6,
          amcnicky_mini_pool_small
D:4:      layout_gridville, minmay_rat_hole
D:5:      layout_rooms, minmay_temple_entry_waves, nicolae_shop_fire_sale
          [nicolae_sub_dead_trees], kennysheep_generic_room_4, uniq_grinder
D:6:      layout_rooms, enter_ossuary_3
D:7:      layout_basic, ebering_ghost_disaster_area, uniq_menkaure
D:8:      minmay_the_grid_triangle_9x9_rhombus_full
          [minmay_the_grid_triangle_9x9_checkered,
          minmay_the_grid_triangle_9x9_semitri,
          minmay_the_grid_triangle_9x9_corrupted_corridor,
          minmay_the_grid_triangle_9x9_tough_junction,
          minmay_the_grid_triangle_9x9_sprig,
          minmay_the_grid_triangle_9x9_odd_lines,
          minmay_the_grid_triangle_9x9_intruding_spiral,
          minmay_the_grid_triangle_9x9_prize_schism], layout_cave_pods,
          nicolae_two_hexagons, st_stairs_9, minmay_statues_item,
          minmay_diamond_spiral
D:9:      minmay_shrinking_squares, layout_irregular_city, david_lair_shrubbed,
          hangedman_abyss_or_decor_stabs, hangedman_fish_farm
D:10:     layout_basic, uniq_snorg, uniq_urug
D:11:     layout_cave_pools, hellmonk_guarded_unrand_seven_league_boots
D:12:     layout_basic, david_orc_3, enter_trove_1, serial_shops,
          nicolae_shop_bloodbath_and_beyond, minmay_hedge_maze,
          xom_confusion_cloud
D:13:     hourglass_vault, layout_irregular_city, grunt_vaults_entry_fortified,
          nicolae_ru_path_of_blood
D:14:     layout_basic, nicolae_dithmenos_shadow_blocks
D:15:     gammafunk_depths_entry_grave, layout_cave_pods,
          portal_ice_cave_entry_pillars_three, hangedman_decor_points,
          minivault_19, minivault_27, nzn_hepliaklqana_mist_gate
Temple:   kilobyte_greek_temple
Lair:1:   layout_chaotic_city, small_statue_intersection,
          chequers_serial_rivers_small_b, serial_bayou_shore_a
Lair:2:   layout_cave_pods
Lair:3:   minmay_lair_oklob_chamber, layout_regular_city,
          minmay_shoals_entry_lonely_mermaid, nicolae_spider_entry_tight_spaces,
          chequers_serial_rivers_micro_c
Lair:4:   layout_long_grid
Lair:5:   layout_hall_layers, ebering_ghost_reflecting_pool, grunt_megastairs_1
Lair:6:   cheibrodos_lair_end_hotspot, layout_loops_ring,
          dpeg_slime_entry_enclosed_altar, eino_small_chamber_without_monster
Shoals:1: layout_shoals, ebering_ghost_davey_jones, uniq_frances
Shoals:2: layout_shoals, nicolae_shop_self_help, uniq_roxanne
Shoals:3: layout_shoals, serial_shops, shop, st_cyclops

Skill      XL: |  1  2  3  4  5  6  7  8  9 10 11 12 13 14 15 16 |
---------------+-------------------------------------------------+-----
Long Blades    | 3 4 5 6 7 9 11 14 15 16 17 18 | 18.4
Invocations    | 4 6 9 10 | 10.3
Armour         | 2 6 8 9 10 12 14 | 14.0
Fighting       | 4 7 9 11 12 14 15 | 15.3
Dodging        | 3 6 9 10 12 15 16 | 16.0
Crossbows      | 2 6 10 12 | 12.6
Evocations     | 5 8 9 10 | 10.5
Shields        | 1 |  1.0
Stealth        | |  4.1

Action                   |  1- 3 |  4- 6 |  7- 9 | 10-12 | 13-15 | 16-18 || total
-------------------------+-------+-------+-------+-------+-------+-------++-------
Melee: Falchion          |    74 |    92 |   300 |   214 |       |       ||   680
       Headbutt          |    12 |    20 |    78 |   119 |   241 |    79 ||   549
       Long sword        |       |       |       |   102 |       |       ||   102
       Scimitar          |       |       |       |   126 |   116 |       ||   242
       Punch             |       |       |       |     2 |       |     1 ||     3
       Double sword      |       |       |       |       |   625 |   263 ||   888
 Fire: Hand crossbow     |       |       |       |   146 |   285 |   127 ||   558
Throw: Dart              |       |       |     4 |     4 |       |       ||     8
       Throwing net      |       |       |       |     3 |     7 |       ||    10
       Javelin           |       |       |       |       |     2 |       ||     2
Invok: Heroism           |       |       |     1 |     8 |     3 |     1 ||    13
       Finesse           |       |       |       |     5 |     2 |       ||     7
Evoke: Wand              |       |     3 |       |    17 |     4 |     4 ||    28
       Tin of tremorston |       |       |       |     2 |     7 |     4 ||    13
       Condenser vane    |       |       |       |     2 |     4 |     2 ||     8
  Use: Scroll            |       |       |     2 |    22 |     8 |     4 ||    36
       Potion            |       |       |     2 |     4 |     3 |     3 ||    12
 Stab: Sleeping          |     7 |     9 |       |     3 |     3 |       ||    22
       Distracted        |       |       |     1 |       |       |       ||     1
       Held in net/web   |       |       |       |     2 |     3 |       ||     5
       Petrified         |       |       |       |       |     5 |       ||     5
Armor: Leather armour    |    12 |    26 |    64 |    45 |       |       ||   147
       Chain mail        |     6 |       |       |       |       |       ||     6
       Acid dragon scale |       |       |       |    88 |    45 |       ||   133
       Crystal plate arm |       |       |       |       |   466 |   154 ||   620
Dodge: Dodged            |    30 |    35 |   118 |   266 |   412 |   149 ||  1010
       Repelled          |       |       |       |     2 |     9 |     1 ||    12

Table legend: (Time is in decaauts)
 A = Elapsed time spent in this place.
 B = Non-inter-level travel time spent in this place.
 C = Inter-level travel time spent in this place.
 D = Time resting spent in this place.
 E = Time spent auto-exploring this place.
 F = Levels seen in this place.
 G = Mean time per level.
                   A        B        C        D        E       F      G
               +--------+--------+--------+--------+--------+-----+--------+
         Total |  38604 |  36545 |   2059 |   6041 |  24263 |  27 | 1429.8 |
       Dungeon |  22278 |  20833 |   1445 |   3085 |  14248 |  15 | 1485.2 |
        Temple |    214 |    173 |     41 |      0 |    145 |   1 |  214.0 |
          Lair |  13740 |  13223 |    517 |   2224 |   8789 |   6 | 2290.0 |
        Shoals |   2020 |   1964 |     56 |    636 |    968 |   3 |  673.3 |
         Trove |     48 |     48 |      0 |      0 |      0 |   1 |   48.0 |
       Ossuary |    302 |    302 |      0 |     95 |    112 |   1 |  302.0 |
               +--------+--------+--------+--------+--------+-----+--------+

Top non-repeatable levels by time:
  Lair:3: 3559 daAuts
  Lair:6: 3022 daAuts
     D:9: 2621 daAuts
     D:8: 2282 daAuts
  Lair:4: 2272 daAuts
    D:11: 2110 daAuts
    D:13: 2098 daAuts
    D:10: 2021 daAuts
  Lair:5: 1971 daAuts
  Lair:1: 1683 daAuts
Shoals:2: 1545 daAuts
     D:2: 1513 daAuts
    D:15: 1477 daAuts
     D:6: 1458 daAuts
     D:7: 1293 daAuts
